Description

This is a standard 16 Marine Drop opener, that transitions into Bio Mine play. It doesn't have too much harass going on, until the marine drop, so it's a good build for practicing macro.

Replay - TvZ Standard Bio Mine vs Ling Bane

Build Order

Get SALT Encoding   

  12  0:00  SCV  
  13  0:13  SCV  
  14  0:17  Supply Depot  
  14  0:25  SCV  
  15  0:38  SCV  
  15  0:40  Barracks  
  16  0:42  Refinery  
  16  0:50  SCV  
  17  1:02  SCV  
  18  1:15  SCV  
  19  1:27  Reaper, Orbital Command  
  20  1:39  Command Center  
  20  1:48  Supply Depot   - Take two SCVs out of gas
  20  1:53  SCV  
  21  1:59  Marine  @50% - Send 2 SCVs in gas
  22  2:05  SCV  
  23  2:17  SCV  
  23  2:19  Barracks Reactor  
  23  2:22  Command Center  
  25  2:33  Barracks  
  26  2:51  Orbital Command  
  26  2:55  Marine x2  
  29  3:03  Factory  
  29  3:07  Refinery  
  30  3:13  Marine x2  
  34  3:22  Barracks Tech Lab  
  34  3:31  Marine x2  
  38  3:38  Orbital Command  
  38  3:40  Stimpack, Marine  
  41  3:53  Marine x2  
  45  3:58  Factory Reactor  
  45  4:00  Starport  
  49  4:10  Supply Depot  
  54  4:25  Refinery x2  
  60  4:33  Supply Depot  
  60  4:38  Engineering Bay x2  
  60  4:45  Barracks  
  61  4:50  Medivac x2  
  67  4:53  Supply Depot  
  67  4:54  Factory Reactor  @100% - Swap with the barracks
  69  5:06  Terran Infantry Weapons Level 1  
  71  5:10  Terran Infantry Armor Level 1  
  81  5:37  Barracks x2  
  81  5:38  Factory Reactor  
  85  5:48  Combat Shield  
  89  5:55  Medivac x2  
  101  6:14  Armory  
  101  6:16  Widow Mine x2  
  109  6:26  Barracks Reactor x2  
  116  6:36  Medivac x2  
  121  6:48  Widow Mine x2  
  120  6:55  Barracks x3  Techlab, Techlab, Techlab
Spawning Tool Build Advisor. Get it on Overwolf

Go to:

Details

  • Created by: metagross
  • Published on: Jun 20, 2019
  • Modified on: Jun 21, 2019
  • Patch: 4.7.1
Show
View Real Time Build Order
Export as new Build Order

Comments (0)

There are no comments. Be the first!

Create an account to comment!